 Dungeon Crawl Stone Soup version 0.19.1-1-g22dce08 (webtiles) character file.

221 sveltemanboy the Caller (level 5, 0/45 HPs)
             Began as a Tengu Summoner on Jan 7, 2017.
             Succumbed to an adder's poison
             ... on level 3 of the Dungeon.
             The game lasted 00:09:37 (3693 turns).

sveltemanboy the Caller (Tengu Summoner)            Turns: 3693, Time: 00:09:38

Health: 0/45       AC: 22    Str:  8    XL:     5   Next: 98%
Magic:  2/9        EV:  2    Int: 17    God:
Gold:   235        SH:  0    Dex: 19    Spells: 3 memorised, 2 levels left

rFire  . . .     SeeInvis .     r - +2 dagger (venom)
rCold  . . .     Gourm    .     (armour currently unavailable)
rNeg   + + +     Faith    .     (no shield)
rPois  +         Spirit   .     (helmet currently unavailable)
rElec  .         Reflect  .     (cloak currently unavailable)
rCorr  .         Harm     .     (gloves currently unavailable)
MR     .....     NoTele   +     (boots unavailable)
Stlth  +++.......               (no amulet)
                                (no ring)
                                (no ring)

@: agile, lethally poisoned (0 -> -8), tree-form, very slightly contaminated
A: (beak), (talons 0), able to fly 1
a: Fly


You were on level 3 of the Dungeon.
You were not hungry.
You were a tree.
You visited 1 branch of the dungeon, and saw 3 of its levels.

You collected 235 gold pieces.

Inventory:

Hand Weapons
 g - a +0 trident
 r - a +2 dagger of venom (weapon)
Armour
 a - a +0 robe (melded)
Wands
 j - a wand of confusion (25/48)
Scrolls
 e - a scroll of teleportation
 i - 3 scrolls of remove curse
Potions
 f - a potion of cure mutation
 l - a potion of lignification
Books
 b - a book of Callings

   Spells                             Type                      Level
   a - Summon Small Mammal            Summoning                    1
   b - Call Imp                       Summoning                    2
   c - Call Canine Familiar           Summoning                    3
   d - Summon Guardian Golem          Hexes/Summoning              3
   e - Summon Lightning Spire         Summoning/Air                4
   f - Summon Ice Beast               Ice/Summoning                4
Comestibles
 c - 3 bread rations
 d - 3 meat rations
 h - a chunk of flesh
 o - 5 fruits
 p - a beef jerky


   Skills:
 - Level 2.0 Fighting
 + Level 2.6 Polearms
 + Level 1.6 Armour
 - Level 2.1 Dodging
 - Level 2.0 Stealth
 - Level 2.0 Spellcasting
 * Level 6.8 Summonings


You had 2 spell levels left.
You knew the following spells:

 Your Spells              Type           Power        Failure   Level  Hunger
a - Summon Small Mammal   Summ           ###.         1%          1    #......
b - Call Imp              Summ           ###.....     1%          2    ###....
c - Call Canine Familiar  Summ           ###.....     4%          3    ###....


Dungeon Overview and Level Annotations

Branches:
Dungeon (3/15)

Altars:
Hepliaklqana
Uskayaw

Annotations:
D:2 Sigmund


Innate Abilities, Weirdness & Mutations

((You have a beak for a mouth.))
((You have claws for feet.))
You can fly.


Message History

You barely miss the adder.
* * * LOW HITPOINT WARNING * * *
You feel sick. The adder bites you.
* * * LOW HITPOINT WARNING * * *
The adder bites you but does no damage.
Okay, then.
Casting: Call Canine Familiar
Confirm with . or Enter, or press ? or * to list all spells.
A beastly little devil appears in a puff of frigid air.
* * * LOW HITPOINT WARNING * * *
You feel sick. The adder bites you.
* * * LOW HITPOINT WARNING * * *
Casting: Call Imp
Confirm with . or Enter, or press ? or * to list all spells.
A beastly little devil appears in a puff of flame.
* * * LOW HITPOINT WARNING * * *
You feel sick. The adder bites you but does no damage.
Unknown command.
You hit the adder but do no damage.
The adder is poisoned.
You die...

#.#####.........#.# #.#
#..)......#.# #.#
####'######.# ###.#
#.######.# ****#...#*###
#........# *>,*#...##.<#
########## *,,,#..5#l..#
*#..#...#S.#* ***##....♣#####
**,.......5....#
*.......8......#
*..............#
***..###.....###.############
*,,.#*..#...#.,##............
***,*...#...#..,#############
*,*>.*#...*#,>#........#
*,***#.....#####.#####.#


You could see an adder, a frilled lizard, a friendly crimson imp and a friendly
white imp.

Vanquished Creatures
  An orc wizard (D:3)
  3 gnolls (D:3)
  A worm (D:2)
  A leopard gecko (D:3)
  3 orcs (D:3)
  A ball python (D:2)
  3 giant cockroaches
  6 goblins
  5 hobgoblins
  2 jackals
  A quokka (D:2)
  3 bats
  5 frilled lizards
  5 kobolds
  6 rats
46 creatures vanquished.

Vanquished Creatures (collateral kills)
  An orc priest (D:3)
  An orc wizard (D:3)
  A worker ant (D:3)
  A gnoll (D:3)
  5 adders
  A dart slug (D:1)
  A leopard gecko (D:1)
  5 orcs (D:3)
  2 giant cockroaches (D:2)
  3 goblins
  3 hobgoblins
  10 jackals
  3 kobolds
  A quokka (D:2)
  A bat (D:1)
  A frilled lizard (D:1)
40 creatures vanquished.

Grand Total: 86 creatures vanquished

Notes
Turn   | Place    | Note
-------+----------+-------------------------------------------
     0 | D:1      | sveltemanboy the Tengu Summoner began the quest for the Orb.
     0 | D:1      | Reached XP level 1. HP: 10/10 MP: 4/4
    94 | D:1      | Reached skill level 5 in Summonings
   102 | D:1      | Reached XP level 2. HP: 16/16 MP: 0/6
   351 | D:1      | Reached skill level 1 in Fighting
   707 | D:1      | Reached XP level 3. HP: 16/20 MP: 5/7
  1140 | D:2      | Learned a level 2 spell: Call Imp
  1144 | D:2      | Learned a level 3 spell: Call Canine Familiar
  1460 | D:2      | Reached skill level 6 in Summonings
  1508 | D:2      | Found a hide-covered altar of Uskayaw.
  1525 | D:2      | Reached XP level 4. HP: 20/26 MP: 1/8
  1703 | D:2      | Reached skill level 1 in Polearms
  1958 | D:2      | Noticed Sigmund
  2542 | D:3      | Gained mutation: You can fly. [Tengu growth]
  2542 | D:3      | Reached XP level 5. HP: 30/30 MP: 5/9
  2933 | D:3      | Reached skill level 1 in Armour
  2957 | D:3      | HP: 1/30 [orc priest/divine providence (9)]
  3611 | D:3      | Found a hazy altar of Hepliaklqana.
  3691 | D:3      | HP: 1/45 [adder (2)]
  3693 | D:3      | Succumbed to an adder's poison

Skill      XL: |  1  2  3  4  5 |
---------------+----------------+-----
Summonings     | 5 6 |  6.8
Fighting       | 1 2 |  2.0
Polearms       | 1 2 |  2.6
Armour         | 1 |  1.6
Dodging        | |  2.1
Stealth        | |  2.0
Spellcasting   | |  2.0

Action                   |  1- 3 |  4- 6 || total
-------------------------+-------+-------++-------
Melee: Unarmed           |    15 |       ||    15
       Kick              |    17 |    18 ||    35
       Peck              |     5 |    11 ||    16
       Mace              |    24 |       ||    24
       Spear             |    48 |    58 ||   106
       Dagger            |       |    42 ||    42
 Cast: Summon Small Mamm |    37 |     5 ||    42
       Call Imp          |     6 |    10 ||    16
       Call Canine Famil |     3 |     7 ||    10
  Use: Scroll            |       |     5 ||     5
       Potion            |       |     4 ||     4
 Stab: Sleeping          |     3 |     5 ||     8
  Eat: Chunk             |     3 |     8 ||    11
       Fruit             |       |     1 ||     1
Armor: Robe              |    20 |    10 ||    30
       Skin              |       |     4 ||     4
Dodge: Dodged            |    94 |    64 ||   158
